[ PARTIDA AOE2 · #483331915 ]
UnrankedPersas vs Dravidians
[ ANÁLISIS DE REPETICIÓN · EXTRAÍDO DE LA PARTIDA GRABADA ]
Feudal
13:06
Castillos
27:01
Imperial
45:35
| APM promedio | 58.5 |
| APM pico | 100 |
| eAPM promedio | 29.5 |
| Aldeanos / militares | 201 / 264 |
Foco
⚔️ 29.7% · 🌾 70.3%
Knight ×96 · Camel Scout ×77 · Scout Cavalry ×72 · Monk ×5 · Trebuchet (Packed) ×5 · Spearman ×4
Feudal
14:32
Castillos
18:49
Imperial
33:07
| APM promedio | 41.6 |
| APM pico | 87 |
| eAPM promedio | 34.1 |
| Aldeanos / militares | 230 / 256 |
Foco
⚔️ 23.3% · 🌾 76.7%
Elephant Archer ×138 · Skirmisher ×98 · Fishing Ship ×13 · Bombard Cannon ×12 · Trebuchet (Packed) ×6 · Armored Elephant ×2
Feudal
13:52
Castillos
20:50
Imperial
50:24
| APM promedio | 44.6 |
| APM pico | 65 |
| eAPM promedio | 22.2 |
| Aldeanos / militares | 179 / 223 |
Foco
⚔️ 35.3% · 🌾 64.7%
Skirmisher ×115 · Knight ×51 · Cavalry Archer ×18 · Scout Cavalry ×11 · Monk ×9 · Tarkan ×7
Feudal
11:33
Castillos
17:10
Imperial
—
| APM promedio | 28.7 |
| APM pico | 66 |
| eAPM promedio | 14.4 |
| Aldeanos / militares | 85 / 23 |
Foco
⚔️ 26.6% · 🌾 73.4%
Rattan Archer ×18 · Monk ×3 · Mangonel ×2
Feudal
13:01
Castillos
20:48
Imperial
42:48
| APM promedio | 64.1 |
| APM pico | 141 |
| eAPM promedio | 41.7 |
| Aldeanos / militares | 127 / 238 |
Foco
⚔️ 70.4% · 🌾 29.6%
Genoese Crossbowman ×219 · Bombard Cannon ×5 · Spearman ×4 · Monk ×3 · Battering Ram ×3 · Trebuchet (Packed) ×3
Feudal
14:53
Castillos
21:02
Imperial
—
| APM promedio | 27.4 |
| APM pico | 91 |
| eAPM promedio | 14.2 |
| Aldeanos / militares | 97 / 5 |
Foco
⚔️ 15.7% · 🌾 84.3%
Throwing Axeman ×4 · Knight ×1
Feudal
13:01
Castillos
18:13
Imperial
47:00
| APM promedio | 36.5 |
| APM pico | 79 |
| eAPM promedio | 18.7 |
| Aldeanos / militares | 157 / 85 |
Foco
⚔️ 23.1% · 🌾 76.9%
Knight ×49 · Conquistador ×29 · Battering Ram ×7
Feudal
14:39
Castillos
19:35
Imperial
44:03
| APM promedio | 35.6 |
| APM pico | 76 |
| eAPM promedio | 17.5 |
| Aldeanos / militares | 155 / 185 |
Foco
⚔️ 35.0% · 🌾 65.0%
Scout Cavalry ×85 · War Wagon ×84 · Monk ×4 · Iron Pagoda ×4 · Battering Ram ×4 · Trebuchet (Packed) ×3
Mapa de la partida
Recursos iniciales + cada clic de construcción. Líneas = muros · curvas = relieve. ◆ oro · ⬟ piedra · ● bayas · ✦ reliquia · ◌ hueco del cierre
Tu base· Abierta — hueco de 10t
Base de Cannon· Abierta — flanco sin cerrar
Base de 劳诗丹顿· Abierta — flanco sin cerrar
Base de 宁波老菜鸟· Abierta — flanco sin cerrar
Base de 龙10五· Abierta — hueco de 9t
Base de 飞翔的小鹰· Abierta — flanco sin cerrar
Base de 三哥· Abierta — flanco sin cerrar
Base de nbakmbi· Abierta — flanco sin cerrar
Terreno inicial suavizado · ◌ = hueco del cierre detectado · pasá el cursor para detalles
Inputs por minuto
— kunter - - Cannon
Build order — kunter
Primeras 150 de 681 acciones detectadas
| 0:38 | Construir | Town Center |
| 2:57 | Crear | Villager (Male) |
| 2:58 | Crear | Villager (Male) |
| 2:58 | Crear | Villager (Male) |
| 2:58 | Crear | Villager (Male) |
| 3:01 | Crear | Villager (Male) |
| 3:06 | Construir | House |
| 3:48 | Investigar | Loom |
| 3:50 | Investigar | Loom |
| 4:00 | Crear | Villager (Male) |
| 4:00 | Crear | Villager (Male) |
| 4:00 | Crear | Villager (Male) |
| 4:05 | Crear | Villager (Male) |
| 4:05 | Crear | Villager (Male) |
| 4:36 | Crear | Villager (Male) |
| 4:36 | Crear | Villager (Male) |
| 5:03 | Crear | Villager (Male) |
| 5:24 | Construir | House |
| 5:34 | Crear | Villager (Male) |
| 5:34 | Crear | Villager (Male) |
| 6:01 | Crear | Villager (Male) |
| 6:01 | Crear | Villager (Male) |
| 6:21 | Construir | House |
| 6:28 | Crear | Villager (Male) |
| 6:28 | Crear | Villager (Male) |
| 7:04 | Crear | Villager (Male) |
| 7:04 | Crear | Villager (Male) |
| 7:19 | Crear | Villager (Male) |
| 7:19 | Crear | Villager (Male) |
| 7:45 | Crear | Villager (Male) |
| 7:58 | Construir | House |
| 8:16 | Crear | Villager (Male) |
| 8:16 | Crear | Villager (Male) |
| 8:40 | Construir | Mill |
| 8:47 | Crear | Villager (Male) |
| 8:47 | Crear | Villager (Male) |
| 9:00 | Construir | Lumber Camp |
| 9:26 | Crear | Villager (Male) |
| 9:26 | Crear | Villager (Male) |
| 9:26 | Crear | Villager (Male) |
| 9:26 | Crear | Villager (Male) |
| 9:30 | Construir | House |
| 9:35 | Construir | House |
| 9:37 | Crear | Villager (Male) |
| 9:37 | Crear | Villager (Male) |
| 11:02 | Investigar | Feudal Age |
| 11:03 | Investigar | Feudal Age |
| 11:24 | Construir | Mining Camp |
| 12:11 | Crear | Villager (Male) |
| 12:36 | Construir | Barracks |
| 12:48 | Crear | Villager (Male) |
| 13:06 | Edad | Edad Feudal |
| 13:30 | Construir | Stable |
| 13:31 | Crear | Villager (Male) |
| 13:45 | Construir | House |
| 13:49 | Construir | Palisade Wall |
| 14:10 | Crear | Scout Cavalry |
| 14:10 | Crear | Scout Cavalry |
| 14:10 | Crear | Scout Cavalry |
| 14:16 | Investigar | Double-Bit Axe |
| 14:17 | Investigar | Double-Bit Axe |
| 14:22 | Crear | Villager (Male) |
| 14:23 | Crear | Villager (Male) |
| 14:29 | Crear | Villager (Male) |
| 14:53 | Crear | Villager (Male) |
| 15:03 | Crear | Villager (Male) |
| 15:23 | Crear | Scout Cavalry |
| 15:23 | Crear | Scout Cavalry |
| 15:40 | Construir | House |
| 16:16 | Crear | Villager (Male) |
| 16:39 | Crear | Scout Cavalry |
| 16:39 | Crear | Scout Cavalry |
| 16:43 | Crear | Villager (Male) |
| 16:56 | Construir | Blacksmith |
| 16:56 | Crear | Villager (Male) |
| 16:57 | Crear | Villager (Male) |
| 17:13 | Construir | House |
| 17:37 | Construir | House |
| 17:58 | Crear | Scout Cavalry |
| 17:58 | Crear | Scout Cavalry |
| 18:03 | Construir | Palisade Wall |
| 18:22 | Crear | Villager (Male) |
| 18:39 | Construir | Palisade Wall |
| 18:40 | Construir | Palisade Wall |
| 18:44 | Crear | Villager (Male) |
| 18:44 | Crear | Villager (Male) |
| 18:58 | Construir | Market |
| 19:13 | Crear | Villager (Male) |
| 19:22 | Construir | House |
| 19:32 | Construir | House |
| 19:36 | Crear | Villager (Male) |
| 19:37 | Crear | Scout Cavalry |
| 19:38 | Crear | Scout Cavalry |
| 19:44 | Construir | House |
| 19:46 | Construir | House |
| 19:48 | Construir | Palisade Wall |
| 19:56 | Crear | Villager (Male) |
| 19:56 | Crear | Villager (Male) |
| 20:04 | Crear | Spearman |
| 20:07 | Construir | Palisade Wall |
| 20:26 | Crear | Spearman |
| 20:32 | Construir | Farm |
| 20:35 | Construir | Farm |
| 20:38 | Construir | Farm |
| 20:50 | Construir | Farm |
| 20:54 | Investigar | Horse Collar |
| 21:06 | Construir | Farm |
| 21:20 | Construir | Mining Camp |
| 21:26 | Construir | Palisade Wall |
| 21:34 | Crear | Spearman |
| 21:34 | Crear | Spearman |
| 21:45 | Construir | Palisade Wall |
| 21:46 | Crear | Villager (Male) |
| 21:50 | Construir | House |
| 21:57 | Crear | Villager (Male) |
| 22:02 | Construir | House |
| 22:13 | Construir | Mill |
| 22:25 | Crear | Villager (Male) |
| 22:25 | Crear | Villager (Male) |
| 22:30 | Construir | Palisade Gate |
| 22:58 | Crear | Villager (Male) |
| 23:13 | Construir | House |
| 23:25 | Crear | Villager (Male) |
| 23:34 | Construir | Palisade Wall |
| 23:38 | Construir | Palisade Wall |
| 24:13 | Crear | Villager (Male) |
| 24:22 | Investigar | Castle Age |
| 24:22 | Investigar | Castle Age |
| 25:02 | Investigar | Scale Barding Armor |
| 25:53 | Crear | Villager (Male) |
| 26:09 | Construir | Palisade Wall |
| 27:01 | Edad | Edad de los Castillos |
| 27:02 | Construir | Town Center |
| 27:03 | Crear | Camel Scout |
| 27:09 | Construir | Town Center |
| 27:14 | Investigar | Chain Barding Armor |
| 27:18 | Crear | Villager (Male) |
| 27:20 | Construir | Town Center |
| 27:22 | Crear | Villager (Male) |
| 27:30 | Construir | Monastery |
| 27:36 | Crear | Camel Scout |
| 27:37 | Crear | Camel Scout |
| 27:37 | Crear | Camel Scout |
| 27:44 | Investigar | Bow Saw |
| 27:48 | Investigar | Heavy Plow |
| 27:48 | Investigar | Heavy Plow |
| 27:58 | Crear | Villager (Male) |
| 27:58 | Crear | Villager (Male) |
| 28:24 | Crear | Monk |
| 28:24 | Crear | Monk |
Build order — Cannon
Primeras 150 de 753 acciones detectadas
| 0:32 | Construir | Town Center |
| 2:01 | Construir | House |
| 2:47 | Crear | Villager (Male) |
| 2:47 | Crear | Villager (Male) |
| 2:47 | Crear | Villager (Male) |
| 2:48 | Crear | Villager (Male) |
| 4:05 | Crear | Villager (Male) |
| 4:17 | Construir | Lumber Camp |
| 4:22 | Construir | House |
| 4:30 | Crear | Villager (Male) |
| 4:31 | Crear | Villager (Male) |
| 4:58 | Crear | Villager (Male) |
| 5:11 | Crear | Villager (Male) |
| 5:27 | Crear | Villager (Male) |
| 5:43 | Crear | Villager (Male) |
| 6:27 | Crear | Villager (Male) |
| 6:28 | Crear | Villager (Male) |
| 6:45 | Construir | House |
| 6:51 | Crear | Villager (Male) |
| 7:01 | Crear | Villager (Male) |
| 7:34 | Crear | Villager (Male) |
| 7:34 | Crear | Villager (Male) |
| 8:06 | Crear | Villager (Male) |
| 8:14 | Construir | House |
| 8:50 | Crear | Villager (Male) |
| 9:03 | Construir | Dock |
| 9:08 | Crear | Villager (Male) |
| 9:22 | Crear | Villager (Male) |
| 9:49 | Crear | Fishing Ship |
| 10:07 | Crear | Villager (Male) |
| 10:18 | Crear | Fishing Ship |
| 10:37 | Crear | Villager (Male) |
| 10:40 | Crear | Fishing Ship |
| 11:18 | Crear | Fishing Ship |
| 11:41 | Crear | Villager (Male) |
| 11:54 | Construir | Mining Camp |
| 11:59 | Investigar | Feudal Age |
| 12:02 | Crear | Fishing Ship |
| 12:18 | Construir | House |
| 13:33 | Construir | House |
| 14:03 | Construir | Mill |
| 14:14 | Construir | House |
| 14:20 | Crear | Villager (Male) |
| 14:32 | Edad | Edad Feudal |
| 14:34 | Crear | Villager (Male) |
| 14:45 | Construir | Blacksmith |
| 14:56 | Crear | Villager (Male) |
| 15:01 | Construir | Market |
| 15:36 | Investigar | Loom |
| 16:09 | Investigar | Castle Age |
| 16:16 | Construir | House |
| 16:18 | Investigar | Double-Bit Axe |
| 16:44 | Investigar | Tech 906 |
| 16:53 | Construir | House |
| 16:57 | Construir | Palisade Wall |
| 17:28 | Construir | House |
| 17:44 | Investigar | Loom |
| 17:58 | Construir | Fish Trap |
| 18:08 | Construir | Fish Trap |
| 18:27 | Construir | Fish Trap |
| 18:48 | Construir | Fish Trap |
| 18:49 | Edad | Edad de los Castillos |
| 18:53 | Construir | Fish Trap |
| 18:54 | Crear | Fishing Ship |
| 18:56 | Crear | Villager (Male) |
| 19:02 | Construir | Castle |
| 19:16 | Construir | Castle |
| 19:20 | Investigar | Bow Saw |
| 19:21 | Crear | Villager (Male) |
| 19:24 | Construir | House |
| 19:29 | Crear | Fishing Ship |
| 19:41 | Crear | Villager (Male) |
| 19:49 | Construir | Fish Trap |
| 20:18 | Construir | Fish Trap |
| 20:21 | Crear | Villager (Male) |
| 20:39 | Construir | Fish Trap |
| 20:45 | Investigar | Wheelbarrow |
| 20:46 | Crear | Villager (Male) |
| 20:52 | Crear | Villager (Male) |
| 21:33 | Construir | Town Center |
| 22:22 | Crear | Villager (Male) |
| 22:30 | Crear | Villager (Male) |
| 22:34 | Construir | Town Center |
| 22:36 | Crear | Villager (Male) |
| 22:44 | Crear | Villager (Male) |
| 22:49 | Investigar | Horse Collar |
| 22:53 | Crear | Villager (Male) |
| 22:54 | Crear | Villager (Male) |
| 23:04 | Construir | Farm |
| 23:13 | Construir | Farm |
| 23:14 | Crear | Villager (Male) |
| 23:26 | Construir | Farm |
| 23:46 | Crear | Villager (Male) |
| 23:51 | Construir | Farm |
| 23:52 | Crear | Villager (Male) |
| 23:53 | Crear | Villager (Male) |
| 23:57 | Construir | Farm |
| 24:16 | Crear | Villager (Male) |
| 24:20 | Crear | Villager (Male) |
| 24:21 | Crear | Villager (Male) |
| 24:22 | Crear | Villager (Male) |
| 24:26 | Construir | Farm |
| 24:28 | Crear | Villager (Male) |
| 24:45 | Investigar | Gillnets |
| 24:46 | Crear | Villager (Male) |
| 24:49 | Crear | Villager (Male) |
| 25:01 | Construir | Farm |
| 25:02 | Construir | Farm |
| 25:15 | Construir | Farm |
| 25:16 | Construir | Farm |
| 25:28 | Construir | Castle |
| 25:29 | Crear | Villager (Male) |
| 25:30 | Crear | Villager (Male) |
| 25:30 | Crear | Villager (Male) |
| 25:35 | Construir | Farm |
| 25:36 | Construir | Farm |
| 25:37 | Construir | Farm |
| 25:40 | Crear | Villager (Male) |
| 25:40 | Crear | Villager (Male) |
| 25:44 | Construir | Farm |
| 25:46 | Construir | Lumber Camp |
| 25:48 | Construir | Farm |
| 25:49 | Construir | Farm |
| 25:52 | Crear | Villager (Male) |
| 25:54 | Crear | Villager (Male) |
| 25:54 | Crear | Villager (Male) |
| 26:01 | Construir | Farm |
| 26:02 | Construir | Farm |
| 26:03 | Crear | Villager (Male) |
| 26:03 | Crear | Villager (Male) |
| 26:08 | Crear | Villager (Male) |
| 26:08 | Crear | Villager (Male) |
| 26:09 | Crear | Villager (Male) |
| 26:14 | Construir | House |
| 26:18 | Crear | Villager (Male) |
| 26:32 | Crear | Villager (Male) |
| 26:45 | Crear | Villager (Male) |
| 26:47 | Crear | Villager (Male) |
| 26:55 | Construir | Town Center |
| 27:03 | Crear | Villager (Male) |
| 27:06 | Crear | Villager (Male) |
| 27:06 | Crear | Villager (Male) |
| 27:11 | Crear | Villager (Male) |
| 27:13 | Construir | Farm |
| 27:16 | Crear | Villager (Male) |
| 27:16 | Crear | Villager (Male) |
| 27:16 | Crear | Villager (Male) |
| 27:22 | Crear | Villager (Male) |
| 27:35 | Crear | Villager (Male) |
| 27:38 | Construir | Farm |
Build order — 劳诗丹顿
Primeras 150 de 574 acciones detectadas
| 0:11 | Construir | Town Center |
| 2:31 | Crear | Villager (Male) |
| 2:32 | Crear | Villager (Male) |
| 2:32 | Crear | Villager (Male) |
| 2:39 | Crear | Villager (Male) |
| 3:27 | Crear | Villager (Male) |
| 3:27 | Crear | Villager (Male) |
| 3:27 | Crear | Villager (Male) |
| 4:13 | Investigar | Loom |
| 4:14 | Investigar | Loom |
| 5:00 | Crear | Villager (Male) |
| 5:02 | Crear | Villager (Male) |
| 5:02 | Crear | Villager (Male) |
| 5:02 | Crear | Villager (Male) |
| 5:03 | Crear | Villager (Male) |
| 5:19 | Crear | Villager (Male) |
| 6:22 | Crear | Villager (Male) |
| 6:23 | Crear | Villager (Male) |
| 6:23 | Crear | Villager (Male) |
| 6:23 | Crear | Villager (Male) |
| 6:34 | Crear | Villager (Male) |
| 6:34 | Crear | Villager (Male) |
| 7:17 | Crear | Villager (Male) |
| 7:45 | Construir | Lumber Camp |
| 7:47 | Crear | Villager (Male) |
| 7:47 | Crear | Villager (Male) |
| 8:21 | Crear | Villager (Male) |
| 8:21 | Crear | Villager (Male) |
| 8:21 | Crear | Villager (Male) |
| 8:21 | Crear | Villager (Male) |
| 8:22 | Crear | Villager (Male) |
| 8:22 | Crear | Villager (Male) |
| 8:22 | Crear | Villager (Male) |
| 8:41 | Crear | Villager (Male) |
| 8:41 | Crear | Villager (Male) |
| 8:46 | Crear | Villager (Male) |
| 8:46 | Crear | Villager (Male) |
| 9:05 | Crear | Villager (Male) |
| 9:20 | Construir | Mill |
| 9:37 | Crear | Villager (Male) |
| 9:54 | Crear | Villager (Male) |
| 11:21 | Construir | Mining Camp |
| 11:28 | Investigar | Feudal Age |
| 11:28 | Investigar | Feudal Age |
| 12:18 | Construir | Barracks |
| 13:52 | Edad | Edad Feudal |
| 13:54 | Construir | Stable |
| 13:57 | Crear | Villager (Male) |
| 13:57 | Crear | Villager (Male) |
| 13:58 | Crear | Villager (Male) |
| 14:32 | Investigar | Double-Bit Axe |
| 14:32 | Investigar | Double-Bit Axe |
| 14:33 | Crear | Villager (Male) |
| 14:41 | Crear | Scout Cavalry |
| 14:42 | Crear | Scout Cavalry |
| 14:42 | Crear | Scout Cavalry |
| 14:57 | Crear | Scout Cavalry |
| 14:57 | Crear | Scout Cavalry |
| 14:58 | Crear | Scout Cavalry |
| 15:06 | Construir | Blacksmith |
| 15:20 | Crear | Scout Cavalry |
| 15:35 | Crear | Villager (Male) |
| 15:47 | Crear | Scout Cavalry |
| 16:03 | Crear | Villager (Male) |
| 16:04 | Crear | Villager (Male) |
| 16:24 | Crear | Scout Cavalry |
| 16:29 | Investigar | Scale Barding Armor |
| 16:29 | Investigar | Scale Barding Armor |
| 16:55 | Crear | Villager (Male) |
| 16:56 | Crear | Villager (Male) |
| 17:04 | Construir | Market |
| 17:23 | Crear | Villager (Male) |
| 17:30 | Crear | Spearman |
| 17:30 | Crear | Spearman |
| 17:52 | Crear | Villager (Male) |
| 17:53 | Crear | Villager (Male) |
| 18:05 | Investigar | Castle Age |
| 18:06 | Investigar | Castle Age |
| 18:32 | Crear | Villager (Male) |
| 18:35 | Crear | Spearman |
| 18:47 | Crear | Scout Cavalry |
| 18:48 | Crear | Scout Cavalry |
| 18:48 | Crear | Spearman |
| 19:24 | Investigar | Gold Mining |
| 19:29 | Construir | Stable |
| 20:30 | Investigar | Forging |
| 20:30 | Investigar | Forging |
| 20:45 | Construir | Farm |
| 20:45 | Construir | Farm |
| 20:45 | Construir | Farm |
| 20:46 | Construir | Farm |
| 20:46 | Construir | Farm |
| 20:46 | Construir | Farm |
| 20:50 | Edad | Edad de los Castillos |
| 20:54 | Investigar | Husbandry |
| 20:57 | Crear | Knight |
| 20:57 | Crear | Knight |
| 20:57 | Crear | Knight |
| 20:57 | Crear | Knight |
| 21:01 | Crear | Knight |
| 21:28 | Crear | Knight |
| 21:28 | Crear | Knight |
| 21:28 | Crear | Knight |
| 21:53 | Crear | Villager (Male) |
| 21:53 | Crear | Villager (Male) |
| 21:54 | Crear | Villager (Male) |
| 21:57 | Construir | Town Center |
| 22:14 | Investigar | Chain Barding Armor |
| 22:14 | Investigar | Chain Barding Armor |
| 22:15 | Crear | Knight |
| 22:15 | Crear | Knight |
| 22:15 | Crear | Knight |
| 22:25 | Crear | Villager (Male) |
| 22:25 | Crear | Villager (Male) |
| 22:28 | Crear | Villager (Male) |
| 22:28 | Crear | Villager (Male) |
| 23:06 | Investigar | Bloodlines |
| 23:07 | Investigar | Bloodlines |
| 23:19 | Crear | Villager (Male) |
| 23:19 | Crear | Villager (Male) |
| 23:34 | Construir | Palisade Wall |
| 23:37 | Construir | Palisade Wall |
| 23:41 | Crear | Villager (Male) |
| 23:41 | Crear | Villager (Male) |
| 23:41 | Crear | Villager (Male) |
| 23:50 | Crear | Villager (Male) |
| 23:50 | Crear | Villager (Male) |
| 23:53 | Construir | Farm |
| 23:54 | Construir | Farm |
| 24:13 | Crear | Knight |
| 24:13 | Crear | Knight |
| 24:23 | Construir | Farm |
| 24:28 | Crear | Knight |
| 24:29 | Crear | Knight |
| 24:29 | Crear | Knight |
| 24:33 | Crear | Villager (Male) |
| 24:33 | Crear | Villager (Male) |
| 24:33 | Crear | Villager (Male) |
| 24:52 | Crear | Knight |
| 24:52 | Crear | Knight |
| 25:03 | Crear | Villager (Male) |
| 25:04 | Crear | Villager (Male) |
| 25:05 | Crear | Villager (Male) |
| 25:06 | Crear | Villager (Male) |
| 25:44 | Crear | Villager (Male) |
| 25:44 | Crear | Villager (Male) |
| 25:44 | Crear | Villager (Male) |
| 25:44 | Crear | Villager (Male) |
| 25:45 | Crear | Villager (Male) |
| 25:48 | Construir | Archery Range |
Build order — 宁波老菜鸟
Primeras 150 de 188 acciones detectadas
| 0:15 | Construir | Town Center |
| 2:07 | Construir | House |
| 2:08 | Crear | Villager (Male) |
| 2:09 | Crear | Villager (Male) |
| 2:22 | Crear | Villager (Male) |
| 2:23 | Crear | Villager (Male) |
| 3:11 | Crear | Villager (Male) |
| 4:17 | Construir | House |
| 4:23 | Crear | Villager (Male) |
| 4:23 | Crear | Villager (Male) |
| 4:23 | Crear | Villager (Male) |
| 4:26 | Construir | Lumber Camp |
| 5:37 | Crear | Villager (Male) |
| 5:37 | Crear | Villager (Male) |
| 5:38 | Crear | Villager (Male) |
| 5:51 | Construir | House |
| 5:58 | Crear | Villager (Male) |
| 6:11 | Crear | Villager (Male) |
| 6:33 | Investigar | Loom |
| 6:49 | Crear | Villager (Male) |
| 6:50 | Crear | Villager (Male) |
| 7:27 | Construir | House |
| 7:45 | Crear | Villager (Male) |
| 8:05 | Construir | Mill |
| 9:20 | Investigar | Feudal Age |
| 10:29 | Construir | Mining Camp |
| 11:22 | Crear | Villager (Male) |
| 11:33 | Edad | Edad Feudal |
| 11:37 | Construir | Market |
| 11:39 | Investigar | Town Watch |
| 11:42 | Crear | Villager (Male) |
| 11:53 | Crear | Villager (Male) |
| 12:08 | Construir | Blacksmith |
| 12:25 | Crear | Villager (Male) |
| 12:49 | Crear | Villager (Male) |
| 13:36 | Construir | House |
| 14:30 | Investigar | Castle Age |
| 15:12 | Construir | House |
| 15:24 | Construir | Palisade Wall |
| 15:25 | Construir | Palisade Wall |
| 15:30 | Construir | Gate |
| 15:52 | Investigar | Double-Bit Axe |
| 15:52 | Investigar | Double-Bit Axe |
| 17:10 | Edad | Edad de los Castillos |
| 17:27 | Construir | Castle |
| 17:36 | Investigar | Fletching |
| 17:37 | Investigar | Fletching |
| 18:31 | Crear | Rattan Archer |
| 19:01 | Crear | Rattan Archer |
| 19:05 | Crear | Villager (Male) |
| 19:17 | Crear | Rattan Archer |
| 19:17 | Crear | Rattan Archer |
| 19:24 | Crear | Villager (Male) |
| 19:37 | Crear | Villager (Male) |
| 19:46 | Crear | Rattan Archer |
| 19:47 | Crear | Rattan Archer |
| 20:13 | Crear | Rattan Archer |
| 20:49 | Crear | Rattan Archer |
| 20:55 | Crear | Rattan Archer |
| 20:58 | Crear | Villager (Male) |
| 21:01 | Construir | Town Center |
| 21:27 | Construir | Monastery |
| 22:07 | Crear | Rattan Archer |
| 22:11 | Crear | Villager (Male) |
| 22:20 | Construir | Farm |
| 22:37 | Construir | Siege Workshop |
| 22:41 | Crear | Rattan Archer |
| 22:54 | Crear | Rattan Archer |
| 23:04 | Crear | Rattan Archer |
| 23:22 | Crear | Rattan Archer |
| 23:35 | Crear | Villager (Male) |
| 23:52 | Construir | Lumber Camp |
| 24:18 | Construir | Watch Tower |
| 25:46 | Crear | Monk |
| 25:47 | Crear | Rattan Archer |
| 25:47 | Crear | Rattan Archer |
| 25:47 | Crear | Rattan Archer |
| 25:50 | Crear | Villager (Male) |
| 26:02 | Crear | Rattan Archer |
| 26:28 | Crear | Monk |
| 27:01 | Crear | Mangonel |
| 27:47 | Construir | Farm |
| 28:48 | Crear | Villager (Male) |
| 28:48 | Crear | Villager (Male) |
| 29:23 | Crear | Mangonel |
| 35:23 | Construir | Lumber Camp |
| 35:29 | Construir | Mining Camp |
| 36:27 | Construir | Town Center |
| 37:15 | Crear | Villager (Male) |
| 37:18 | Construir | House |
| 37:45 | Construir | Lumber Camp |
| 38:07 | Construir | Mill |
| 39:30 | Construir | Mill |
| 39:32 | Crear | Villager (Male) |
| 39:32 | Crear | Villager (Male) |
| 39:57 | Crear | Villager (Male) |
| 40:02 | Construir | House |
| 40:03 | Construir | House |
| 41:14 | Construir | Town Center |
| 42:48 | Crear | Villager (Male) |
| 42:48 | Crear | Villager (Male) |
| 42:49 | Crear | Villager (Male) |
| 42:49 | Crear | Villager (Male) |
| 42:50 | Crear | Villager (Male) |
| 43:15 | Construir | Mill |
| 43:55 | Construir | Town Center |
| 46:12 | Crear | Villager (Male) |
| 46:12 | Crear | Villager (Male) |
| 46:12 | Crear | Villager (Male) |
| 46:13 | Crear | Villager (Male) |
| 46:13 | Crear | Villager (Male) |
| 46:14 | Crear | Villager (Male) |
| 46:15 | Crear | Villager (Male) |
| 46:15 | Crear | Villager (Male) |
| 46:23 | Construir | Town Center |
| 48:30 | Crear | Villager (Male) |
| 48:30 | Crear | Villager (Male) |
| 48:32 | Crear | Villager (Male) |
| 48:35 | Crear | Villager (Male) |
| 48:35 | Crear | Villager (Male) |
| 48:40 | Crear | Villager (Male) |
| 48:46 | Construir | Town Center |
| 48:54 | Investigar | Wheelbarrow |
| 48:54 | Investigar | Wheelbarrow |
| 49:05 | Crear | Villager (Male) |
| 49:29 | Crear | Villager (Male) |
| 49:32 | Crear | Villager (Male) |
| 49:37 | Crear | Villager (Male) |
| 50:02 | Construir | Monastery |
| 50:16 | Crear | Villager (Male) |
| 50:53 | Construir | Outpost |
| 50:55 | Crear | Monk |
| 51:03 | Crear | Villager (Male) |
| 51:09 | Construir | Farm |
| 51:10 | Construir | Farm |
| 51:13 | Construir | Farm |
| 51:15 | Construir | Farm |
| 51:17 | Crear | Villager (Male) |
| 51:28 | Construir | Outpost |
| 51:29 | Crear | Villager (Male) |
| 51:33 | Construir | Farm |
| 51:35 | Construir | Farm |
| 51:47 | Crear | Villager (Male) |
| 51:56 | Construir | Mill |
| 52:06 | Crear | Villager (Male) |
| 52:07 | Crear | Villager (Male) |
| 52:28 | Construir | Outpost |
| 52:32 | Crear | Villager (Male) |
| 52:33 | Crear | Villager (Male) |
| 52:38 | Construir | Town Center |
Build order — 龙10五
Primeras 150 de 351 acciones detectadas
| 0:11 | Construir | Town Center |
| 1:04 | Construir | Lumber Camp |
| 1:07 | Construir | House |
| 2:31 | Crear | Villager (Male) |
| 2:37 | Crear | Villager (Male) |
| 2:37 | Crear | Villager (Male) |
| 2:37 | Crear | Villager (Male) |
| 2:37 | Crear | Villager (Male) |
| 3:26 | Crear | Villager (Male) |
| 3:26 | Crear | Villager (Male) |
| 4:15 | Construir | House |
| 4:22 | Crear | Villager (Male) |
| 4:22 | Crear | Villager (Male) |
| 4:36 | Investigar | Loom |
| 5:14 | Crear | Villager (Male) |
| 5:15 | Crear | Villager (Male) |
| 5:37 | Crear | Villager (Male) |
| 5:37 | Crear | Villager (Male) |
| 5:58 | Construir | Mill |
| 6:22 | Crear | Villager (Male) |
| 6:22 | Crear | Villager (Male) |
| 6:44 | Crear | Villager (Male) |
| 6:45 | Crear | Villager (Male) |
| 6:52 | Construir | House |
| 7:11 | Crear | Villager (Male) |
| 7:11 | Crear | Villager (Male) |
| 7:38 | Crear | Villager (Male) |
| 7:38 | Crear | Villager (Male) |
| 8:02 | Crear | Villager (Male) |
| 8:03 | Crear | Villager (Male) |
| 8:03 | Crear | Villager (Male) |
| 8:03 | Crear | Villager (Male) |
| 8:09 | Crear | Villager (Male) |
| 8:09 | Crear | Villager (Male) |
| 8:12 | Crear | Villager (Male) |
| 8:13 | Crear | Villager (Male) |
| 8:26 | Construir | House |
| 8:42 | Crear | Villager (Male) |
| 9:04 | Construir | Palisade Wall |
| 9:06 | Construir | Palisade Wall |
| 9:29 | Construir | Palisade Wall |
| 9:43 | Crear | Villager (Male) |
| 10:02 | Crear | Villager (Male) |
| 10:19 | Construir | House |
| 10:50 | Investigar | Feudal Age |
| 10:50 | Investigar | Feudal Age |
| 11:01 | Crear | Villager (Male) |
| 11:07 | Construir | Lumber Camp |
| 11:51 | Construir | House |
| 12:00 | Construir | Palisade Wall |
| 12:29 | Construir | Palisade Wall |
| 12:31 | Construir | Palisade Wall |
| 12:45 | Construir | Barracks |
| 12:54 | Construir | Palisade Wall |
| 13:01 | Edad | Edad Feudal |
| 13:04 | Crear | Villager (Male) |
| 13:10 | Construir | Palisade Wall |
| 13:16 | Investigar | Double-Bit Axe |
| 13:16 | Investigar | Double-Bit Axe |
| 13:29 | Crear | Spearman |
| 13:30 | Crear | Spearman |
| 13:41 | Crear | Villager (Male) |
| 13:55 | Crear | Villager (Male) |
| 14:04 | Construir | Market |
| 14:11 | Crear | Villager (Male) |
| 14:43 | Construir | Palisade Wall |
| 14:48 | Construir | Blacksmith |
| 14:54 | Crear | Spearman |
| 15:02 | Crear | Villager (Male) |
| 15:14 | Construir | House |
| 15:20 | Crear | Villager (Male) |
| 15:50 | Construir | Mill |
| 16:07 | Crear | Spearman |
| 16:13 | Construir | House |
| 16:25 | Crear | Villager (Male) |
| 16:48 | Construir | House |
| 16:54 | Crear | Villager (Male) |
| 17:58 | Construir | Mill |
| 18:08 | Investigar | Castle Age |
| 18:38 | Investigar | Fletching |
| 18:38 | Investigar | Fletching |
| 19:04 | Construir | House |
| 19:07 | Construir | Palisade Wall |
| 19:17 | Investigar | Padded Archer Armor |
| 19:52 | Investigar | Wheelbarrow |
| 20:06 | Construir | Palisade Wall |
| 20:37 | Construir | House |
| 20:48 | Edad | Edad de los Castillos |
| 20:53 | Construir | Castle |
| 21:01 | Investigar | Bodkin Arrow |
| 21:01 | Investigar | Bodkin Arrow |
| 21:08 | Crear | Villager (Male) |
| 21:26 | Construir | Mining Camp |
| 21:31 | Investigar | Bow Saw |
| 21:32 | Crear | Villager (Male) |
| 21:57 | Investigar | Gold Mining |
| 21:57 | Investigar | Gold Mining |
| 22:01 | Crear | Villager (Male) |
| 22:08 | Construir | University |
| 22:17 | Crear | Genoese Crossbowman |
| 22:17 | Crear | Genoese Crossbowman |
| 22:18 | Crear | Genoese Crossbowman |
| 22:22 | Crear | Villager (Male) |
| 22:26 | Crear | Genoese Crossbowman |
| 22:26 | Crear | Genoese Crossbowman |
| 22:28 | Crear | Villager (Male) |
| 22:45 | Crear | Villager (Male) |
| 22:49 | Crear | Genoese Crossbowman |
| 22:50 | Crear | Genoese Crossbowman |
| 22:54 | Crear | Villager (Male) |
| 23:01 | Construir | House |
| 23:04 | Construir | Palisade Wall |
| 23:06 | Construir | Palisade Wall |
| 23:49 | Investigar | Ballistics |
| 23:49 | Investigar | Ballistics |
| 23:54 | Crear | Villager (Male) |
| 24:20 | Construir | Town Center |
| 24:27 | Investigar | Leather Archer Armor |
| 24:28 | Investigar | Leather Archer Armor |
| 24:28 | Crear | Villager (Male) |
| 24:31 | Crear | Villager (Male) |
| 24:38 | Crear | Villager (Male) |
| 24:41 | Crear | Villager (Male) |
| 24:51 | Construir | Palisade Wall |
| 24:59 | Crear | Genoese Crossbowman |
| 25:00 | Crear | Genoese Crossbowman |
| 25:01 | Crear | Villager (Male) |
| 25:36 | Construir | Mill |
| 25:37 | Crear | Genoese Crossbowman |
| 25:41 | Crear | Villager (Male) |
| 25:41 | Crear | Villager (Male) |
| 25:41 | Crear | Villager (Male) |
| 25:42 | Crear | Villager (Male) |
| 25:49 | Crear | Genoese Crossbowman |
| 25:50 | Crear | Genoese Crossbowman |
| 25:51 | Crear | Villager (Male) |
| 26:11 | Crear | Villager (Male) |
| 26:16 | Crear | Genoese Crossbowman |
| 26:22 | Crear | Villager (Male) |
| 26:23 | Crear | Villager (Male) |
| 26:36 | Crear | Villager (Male) |
| 26:47 | Crear | Villager (Male) |
| 26:57 | Crear | Genoese Crossbowman |
| 26:58 | Crear | Genoese Crossbowman |
| 26:58 | Crear | Genoese Crossbowman |
| 27:00 | Crear | Villager (Male) |
| 27:29 | Construir | Siege Workshop |
| 27:36 | Crear | Villager (Male) |
| 27:39 | Crear | Genoese Crossbowman |
| 27:39 | Crear | Genoese Crossbowman |
Build order — 飞翔的小鹰
Primeras 150 de 179 acciones detectadas
| 1:51 | Construir | Town Center |
| 3:56 | Crear | Villager (Male) |
| 3:56 | Crear | Villager (Male) |
| 3:57 | Crear | Villager (Male) |
| 3:57 | Crear | Villager (Male) |
| 4:01 | Construir | House |
| 4:35 | Construir | House |
| 4:49 | Crear | Villager (Male) |
| 5:30 | Crear | Villager (Male) |
| 5:37 | Construir | Lumber Camp |
| 5:46 | Crear | Villager (Male) |
| 6:33 | Crear | Villager (Male) |
| 7:18 | Crear | Villager (Male) |
| 7:24 | Construir | House |
| 7:27 | Crear | Villager (Male) |
| 7:39 | Crear | Villager (Male) |
| 7:55 | Crear | Villager (Male) |
| 8:05 | Crear | Villager (Male) |
| 8:12 | Crear | Villager (Male) |
| 8:40 | Crear | Villager (Male) |
| 8:41 | Crear | Villager (Male) |
| 8:47 | Investigar | Loom |
| 9:04 | Crear | Villager (Male) |
| 9:05 | Crear | Villager (Male) |
| 9:05 | Crear | Villager (Male) |
| 9:05 | Crear | Villager (Male) |
| 9:05 | Crear | Villager (Male) |
| 9:06 | Crear | Villager (Male) |
| 9:16 | Construir | House |
| 9:19 | Crear | Villager (Male) |
| 9:49 | Crear | Villager (Male) |
| 10:00 | Crear | Villager (Male) |
| 10:00 | Crear | Villager (Male) |
| 10:00 | Crear | Villager (Male) |
| 10:28 | Crear | Villager (Male) |
| 10:29 | Crear | Villager (Male) |
| 10:29 | Crear | Villager (Male) |
| 10:55 | Construir | Palisade Wall |
| 11:01 | Crear | Villager (Male) |
| 11:01 | Crear | Villager (Male) |
| 11:01 | Crear | Villager (Male) |
| 11:01 | Crear | Villager (Male) |
| 11:01 | Crear | Villager (Male) |
| 11:02 | Crear | Villager (Male) |
| 11:57 | Construir | Mill |
| 12:29 | Investigar | Feudal Age |
| 13:16 | Construir | Barracks |
| 13:50 | Construir | House |
| 14:30 | Construir | Mining Camp |
| 14:53 | Edad | Edad Feudal |
| 14:56 | Crear | Villager (Male) |
| 14:57 | Crear | Villager (Male) |
| 15:08 | Construir | Stable |
| 15:27 | Crear | Villager (Male) |
| 15:51 | Crear | Villager (Male) |
| 16:12 | Construir | Blacksmith |
| 16:15 | Crear | Villager (Male) |
| 17:02 | Construir | Farm |
| 17:05 | Construir | Farm |
| 17:16 | Construir | Farm |
| 17:19 | Construir | Farm |
| 17:27 | Construir | Farm |
| 18:22 | Investigar | Castle Age |
| 18:22 | Investigar | Castle Age |
| 18:49 | Construir | Watch Tower |
| 19:57 | Construir | Mill |
| 20:18 | Construir | Lumber Camp |
| 20:28 | Construir | Palisade Wall |
| 20:29 | Construir | Palisade Wall |
| 20:29 | Construir | Palisade Wall |
| 20:30 | Construir | Palisade Wall |
| 20:32 | Construir | Palisade Wall |
| 20:37 | Construir | Palisade Wall |
| 20:38 | Construir | Palisade Wall |
| 21:02 | Edad | Edad de los Castillos |
| 21:04 | Construir | Town Center |
| 21:42 | Construir | Town Center |
| 21:51 | Crear | Villager (Male) |
| 22:28 | Crear | Villager (Male) |
| 22:28 | Crear | Villager (Male) |
| 22:43 | Crear | Villager (Male) |
| 23:15 | Construir | Farm |
| 23:16 | Construir | Farm |
| 23:19 | Construir | Farm |
| 23:22 | Crear | Villager (Male) |
| 23:23 | Crear | Villager (Male) |
| 23:47 | Crear | Knight |
| 23:49 | Crear | Villager (Male) |
| 25:09 | Crear | Villager (Male) |
| 25:10 | Crear | Villager (Male) |
| 25:13 | Construir | House |
| 25:14 | Construir | House |
| 25:27 | Construir | Farm |
| 25:29 | Construir | Farm |
| 25:32 | Crear | Villager (Male) |
| 25:36 | Construir | Farm |
| 27:06 | Crear | Villager (Male) |
| 28:13 | Construir | Town Center |
| 29:40 | Crear | Villager (Male) |
| 30:54 | Construir | Market |
| 31:50 | Construir | Castle |
| 32:43 | Crear | Villager (Male) |
| 32:44 | Crear | Villager (Male) |
| 34:06 | Crear | Villager (Male) |
| 34:25 | Crear | Villager (Male) |
| 34:36 | Crear | Villager (Male) |
| 35:04 | Crear | Villager (Male) |
| 35:04 | Crear | Villager (Male) |
| 35:25 | Crear | Villager (Male) |
| 35:46 | Crear | Villager (Male) |
| 36:15 | Construir | Town Center |
| 36:18 | Crear | Villager (Male) |
| 36:27 | Crear | Villager (Male) |
| 36:27 | Crear | Villager (Male) |
| 36:27 | Crear | Villager (Male) |
| 36:28 | Crear | Villager (Male) |
| 36:59 | Crear | Villager (Male) |
| 36:59 | Crear | Villager (Male) |
| 38:05 | Crear | Villager (Male) |
| 38:07 | Crear | Villager (Male) |
| 38:32 | Crear | Villager (Male) |
| 38:34 | Crear | Villager (Male) |
| 39:05 | Construir | Farm |
| 39:10 | Crear | Villager (Male) |
| 39:13 | Construir | Farm |
| 39:13 | Construir | Farm |
| 39:21 | Crear | Villager (Male) |
| 39:29 | Crear | Throwing Axeman |
| 39:29 | Crear | Throwing Axeman |
| 39:44 | Construir | House |
| 39:46 | Construir | House |
| 39:54 | Crear | Villager (Male) |
| 40:02 | Crear | Villager (Male) |
| 40:07 | Crear | Throwing Axeman |
| 40:14 | Construir | Farm |
| 40:28 | Construir | House |
| 40:30 | Construir | House |
| 40:34 | Crear | Villager (Male) |
| 40:45 | Construir | House |
| 40:48 | Construir | House |
| 40:51 | Crear | Villager (Male) |
| 40:59 | Crear | Villager (Male) |
| 41:13 | Crear | Throwing Axeman |
| 41:33 | Construir | Farm |
| 41:34 | Construir | Farm |
| 41:38 | Construir | Farm |
| 41:39 | Construir | Farm |
| 41:51 | Construir | Mining Camp |
| 42:04 | Construir | House |
| 42:08 | Crear | Villager (Male) |
Build order — 三哥
Primeras 150 de 457 acciones detectadas
| 0:05 | Construir | Town Center |
| 2:42 | Construir | House |
| 2:43 | Crear | Villager (Male) |
| 2:43 | Crear | Villager (Male) |
| 2:43 | Crear | Villager (Male) |
| 2:44 | Crear | Villager (Male) |
| 2:44 | Crear | Villager (Male) |
| 4:05 | Crear | Villager (Male) |
| 4:09 | Construir | House |
| 4:23 | Construir | House |
| 4:47 | Crear | Villager (Male) |
| 4:47 | Crear | Villager (Male) |
| 4:47 | Crear | Villager (Male) |
| 4:52 | Construir | House |
| 5:14 | Construir | House |
| 5:30 | Construir | Lumber Camp |
| 5:35 | Crear | Villager (Male) |
| 5:35 | Crear | Villager (Male) |
| 5:50 | Construir | House |
| 6:07 | Crear | Villager (Male) |
| 6:09 | Crear | Villager (Male) |
| 6:39 | Construir | House |
| 7:05 | Construir | House |
| 7:18 | Crear | Villager (Male) |
| 7:18 | Crear | Villager (Male) |
| 7:58 | Crear | Villager (Male) |
| 8:13 | Crear | Villager (Male) |
| 8:16 | Construir | Mill |
| 8:24 | Construir | House |
| 9:08 | Crear | Villager (Male) |
| 9:14 | Crear | Villager (Male) |
| 9:56 | Crear | Villager (Male) |
| 10:08 | Construir | Mill |
| 10:19 | Crear | Villager (Male) |
| 10:51 | Investigar | Feudal Age |
| 11:11 | Construir | Mining Camp |
| 12:23 | Crear | Villager (Male) |
| 13:01 | Edad | Edad Feudal |
| 13:04 | Crear | Villager (Male) |
| 13:11 | Construir | Market |
| 13:14 | Construir | Blacksmith |
| 13:38 | Crear | Villager (Male) |
| 14:22 | Construir | Mill |
| 14:27 | Investigar | Loom |
| 15:33 | Investigar | Castle Age |
| 17:55 | Construir | Lumber Camp |
| 18:13 | Edad | Edad de los Castillos |
| 18:16 | Crear | Villager (Male) |
| 18:22 | Construir | Castle |
| 18:53 | Construir | Stone Wall |
| 19:08 | Construir | House |
| 19:11 | Crear | Conquistador |
| 19:16 | Crear | Conquistador |
| 19:23 | Construir | Mining Camp |
| 19:30 | Investigar | Double-Bit Axe |
| 19:39 | Construir | House |
| 19:41 | Crear | Villager (Male) |
| 19:48 | Crear | Conquistador |
| 19:58 | Investigar | Padded Archer Armor |
| 20:06 | Crear | Conquistador |
| 20:08 | Crear | Villager (Male) |
| 20:31 | Crear | Conquistador |
| 20:34 | Crear | Villager (Male) |
| 20:35 | Crear | Conquistador |
| 20:47 | Construir | Town Center |
| 22:42 | Crear | Conquistador |
| 22:48 | Construir | Barracks |
| 22:56 | Investigar | Leather Archer Armor |
| 23:18 | Crear | Villager (Male) |
| 23:24 | Construir | Farm |
| 23:25 | Construir | Farm |
| 23:27 | Construir | Farm |
| 23:42 | Construir | Mining Camp |
| 23:52 | Crear | Villager (Male) |
| 23:55 | Construir | Farm |
| 24:21 | Crear | Villager (Male) |
| 25:13 | Crear | Villager (Male) |
| 25:17 | Construir | Farm |
| 25:30 | Crear | Villager (Male) |
| 25:33 | Construir | Farm |
| 25:38 | Crear | Conquistador |
| 25:44 | Construir | Siege Workshop |
| 26:17 | Crear | Villager (Male) |
| 26:23 | Crear | Villager (Male) |
| 26:32 | Crear | Conquistador |
| 26:37 | Construir | House |
| 26:39 | Crear | Battering Ram |
| 26:58 | Crear | Conquistador |
| 27:02 | Crear | Villager (Male) |
| 27:09 | Construir | Farm |
| 27:20 | Crear | Battering Ram |
| 27:31 | Crear | Conquistador |
| 27:54 | Crear | Battering Ram |
| 28:01 | Construir | Farm |
| 28:03 | Crear | Villager (Male) |
| 28:04 | Construir | Farm |
| 28:08 | Construir | Farm |
| 28:35 | Crear | Villager (Male) |
| 28:48 | Crear | Battering Ram |
| 28:56 | Crear | Villager (Male) |
| 29:04 | Crear | Conquistador |
| 29:29 | Crear | Villager (Male) |
| 29:42 | Crear | Conquistador |
| 30:16 | Crear | Conquistador |
| 30:31 | Crear | Battering Ram |
| 30:31 | Crear | Conquistador |
| 30:38 | Construir | Town Center |
| 30:45 | Construir | Farm |
| 30:48 | Crear | Villager (Male) |
| 31:17 | Crear | Conquistador |
| 31:32 | Construir | Town Center |
| 31:48 | Crear | Conquistador |
| 31:57 | Crear | Conquistador |
| 32:04 | Construir | Lumber Camp |
| 32:06 | Crear | Villager (Male) |
| 32:10 | Construir | Farm |
| 33:08 | Construir | Town Center |
| 33:18 | Crear | Villager (Male) |
| 33:21 | Crear | Villager (Male) |
| 33:21 | Crear | Villager (Male) |
| 33:27 | Crear | Conquistador |
| 33:55 | Crear | Villager (Male) |
| 33:58 | Construir | Farm |
| 34:00 | Crear | Villager (Male) |
| 34:04 | Construir | Lumber Camp |
| 34:19 | Construir | Farm |
| 34:22 | Crear | Villager (Male) |
| 34:26 | Construir | Town Center |
| 34:28 | Crear | Villager (Male) |
| 34:38 | Crear | Villager (Male) |
| 34:40 | Construir | Farm |
| 34:42 | Construir | Farm |
| 34:51 | Construir | Farm |
| 34:56 | Crear | Villager (Male) |
| 35:19 | Construir | Farm |
| 35:20 | Crear | Villager (Male) |
| 35:48 | Construir | Stable |
| 35:51 | Construir | House |
| 36:06 | Crear | Villager (Male) |
| 36:09 | Construir | Farm |
| 36:11 | Construir | Farm |
| 36:13 | Crear | Villager (Male) |
| 36:15 | Crear | Villager (Male) |
| 36:15 | Crear | Villager (Male) |
| 36:19 | Crear | Villager (Male) |
| 36:29 | Investigar | Bow Saw |
| 36:42 | Crear | Villager (Male) |
| 36:48 | Construir | Farm |
| 36:49 | Crear | Villager (Male) |
| 37:36 | Crear | Villager (Male) |
Build order — nbakmbi
Primeras 150 de 524 acciones detectadas
| 0:20 | Construir | Town Center |
| 2:54 | Crear | Villager (Male) |
| 2:54 | Crear | Villager (Male) |
| 2:55 | Crear | Villager (Male) |
| 2:55 | Crear | Villager (Male) |
| 3:09 | Construir | House |
| 3:49 | Crear | Villager (Male) |
| 4:25 | Crear | Villager (Male) |
| 5:08 | Investigar | Loom |
| 5:29 | Construir | House |
| 5:37 | Crear | Villager (Male) |
| 5:37 | Crear | Villager (Male) |
| 5:44 | Construir | Lumber Camp |
| 5:52 | Crear | Villager (Male) |
| 5:52 | Crear | Villager (Male) |
| 5:58 | Crear | Villager (Male) |
| 6:08 | Construir | House |
| 6:42 | Crear | Villager (Male) |
| 6:42 | Crear | Villager (Male) |
| 6:43 | Crear | Villager (Male) |
| 7:15 | Crear | Villager (Male) |
| 7:21 | Construir | House |
| 7:47 | Crear | Villager (Male) |
| 7:47 | Crear | Villager (Male) |
| 8:07 | Construir | Palisade Wall |
| 8:21 | Crear | Villager (Male) |
| 9:00 | Crear | Villager (Male) |
| 9:07 | Construir | Mill |
| 9:11 | Crear | Villager (Male) |
| 9:39 | Crear | Villager (Male) |
| 9:43 | Crear | Villager (Male) |
| 10:05 | Crear | Villager (Male) |
| 10:15 | Construir | House |
| 10:23 | Crear | Villager (Male) |
| 10:42 | Crear | Villager (Male) |
| 10:57 | Construir | Palisade Gate |
| 11:35 | Construir | Palisade Wall |
| 11:47 | Construir | Palisade Wall |
| 12:17 | Investigar | Feudal Age |
| 12:41 | Construir | Barracks |
| 13:14 | Construir | Palisade Wall |
| 14:39 | Edad | Edad Feudal |
| 14:45 | Construir | Market |
| 14:50 | Crear | Villager (Male) |
| 14:51 | Crear | Villager (Male) |
| 15:00 | Construir | Mining Camp |
| 15:10 | Crear | Villager (Male) |
| 15:39 | Construir | Palisade Wall |
| 16:02 | Crear | Villager (Male) |
| 16:23 | Construir | Blacksmith |
| 16:24 | Crear | Villager (Male) |
| 16:29 | Construir | House |
| 16:36 | Crear | Villager (Male) |
| 16:46 | Investigar | Castle Age |
| 16:55 | Construir | Palisade Wall |
| 17:26 | Investigar | Double-Bit Axe |
| 17:43 | Crear | Spearman |
| 17:51 | Construir | House |
| 18:05 | Construir | Palisade Wall |
| 19:35 | Edad | Edad de los Castillos |
| 19:44 | Construir | Castle |
| 19:47 | Crear | Villager (Male) |
| 19:47 | Crear | Villager (Male) |
| 19:52 | Crear | Villager (Male) |
| 20:00 | Construir | Town Center |
| 20:13 | Investigar | Gold Mining |
| 20:39 | Crear | Villager (Male) |
| 20:45 | Construir | Farm |
| 20:51 | Construir | Farm |
| 20:52 | Construir | Farm |
| 20:53 | Crear | Villager (Male) |
| 21:24 | Crear | War Wagon |
| 21:24 | Crear | War Wagon |
| 21:31 | Construir | Farm |
| 21:36 | Construir | Farm |
| 21:48 | Crear | Villager (Male) |
| 21:58 | Crear | Villager (Male) |
| 22:03 | Crear | War Wagon |
| 22:09 | Crear | Villager (Male) |
| 22:22 | Crear | War Wagon |
| 22:29 | Crear | Villager (Male) |
| 22:30 | Crear | Villager (Male) |
| 22:47 | Crear | War Wagon |
| 22:50 | Crear | Villager (Male) |
| 23:03 | Crear | War Wagon |
| 23:21 | Crear | Villager (Male) |
| 23:24 | Crear | Villager (Male) |
| 23:29 | Crear | Villager (Male) |
| 23:42 | Crear | Villager (Male) |
| 23:44 | Crear | War Wagon |
| 23:44 | Crear | War Wagon |
| 23:54 | Investigar | Fletching |
| 24:16 | Construir | Siege Workshop |
| 24:22 | Crear | Villager (Male) |
| 24:24 | Crear | Villager (Male) |
| 24:27 | Crear | War Wagon |
| 24:27 | Crear | War Wagon |
| 24:38 | Construir | Farm |
| 24:51 | Crear | Villager (Male) |
| 24:54 | Crear | War Wagon |
| 25:10 | Crear | Villager (Male) |
| 25:17 | Crear | Battering Ram |
| 25:19 | Crear | War Wagon |
| 25:31 | Construir | Farm |
| 25:43 | Crear | Battering Ram |
| 26:01 | Investigar | Horse Collar |
| 26:02 | Investigar | Horse Collar |
| 26:12 | Crear | War Wagon |
| 26:12 | Crear | War Wagon |
| 26:29 | Crear | Battering Ram |
| 26:29 | Crear | Villager (Male) |
| 26:30 | Crear | Villager (Male) |
| 26:44 | Crear | War Wagon |
| 26:44 | Crear | War Wagon |
| 26:59 | Construir | House |
| 26:59 | Construir | House |
| 27:00 | Construir | House |
| 27:01 | Construir | House |
| 27:08 | Crear | Battering Ram |
| 27:28 | Crear | Villager (Male) |
| 27:29 | Crear | Villager (Male) |
| 27:32 | Crear | Villager (Male) |
| 28:36 | Crear | War Wagon |
| 28:36 | Crear | War Wagon |
| 28:41 | Crear | Villager (Male) |
| 28:41 | Crear | Villager (Male) |
| 28:44 | Crear | Villager (Male) |
| 28:46 | Construir | Lumber Camp |
| 28:53 | Construir | Town Center |
| 29:31 | Crear | War Wagon |
| 29:31 | Crear | War Wagon |
| 29:31 | Crear | War Wagon |
| 29:42 | Crear | War Wagon |
| 29:42 | Crear | War Wagon |
| 29:43 | Crear | War Wagon |
| 29:53 | Crear | Villager (Male) |
| 29:54 | Crear | Villager (Male) |
| 30:11 | Crear | Villager (Male) |
| 30:14 | Construir | Farm |
| 30:17 | Crear | Villager (Male) |
| 30:41 | Crear | Villager (Male) |
| 30:44 | Crear | War Wagon |
| 30:44 | Crear | War Wagon |
| 30:44 | Crear | War Wagon |
| 30:45 | Crear | War Wagon |
| 31:23 | Crear | Villager (Male) |
| 31:25 | Crear | Villager (Male) |
| 31:40 | Crear | Villager (Male) |
| 32:28 | Crear | Villager (Male) |
| 32:29 | Crear | War Wagon |
Cronología de la partida
| 8:07 | nbakmbi · wall_segment Palisade Wall x6 |
| 9:03 | Cannon · first_building Dock |
| 9:04 | 龙10五 · wall_segment Palisade Wall x1 |
| 9:06 | 龙10五 · wall_segment Palisade Wall x1 |
| 9:29 | 龙10五 · wall_segment Palisade Wall x1 |
| 10:55 | 飞翔的小鹰 · wall_segment Palisade Wall x10 |
| 11:33 | 宁波老菜鸟 · age_up feudal |
| 11:35 | nbakmbi · wall_segment Palisade Wall x10 |
| 11:47 | nbakmbi · wall_segment Palisade Wall x11 |
| 12:00 | 龙10五 · wall_segment Palisade Wall x7 |
| 12:18 | 劳诗丹顿 · first_building Barracks |
| 12:29 | 龙10五 · wall_segment Palisade Wall x1 |
| 12:31 | 龙10五 · wall_segment Palisade Wall x1 |
| 12:36 | kunter · first_building Barracks |
| 12:41 | nbakmbi · first_building Barracks |
| 12:45 | 龙10五 · first_building Barracks |
| 12:54 | 龙10五 · wall_segment Palisade Wall x2 |
| 13:01 | 三哥 · age_up feudal |
| 13:01 | 龙10五 · age_up feudal |
| 13:06 | kunter · age_up feudal |
| 13:10 | 龙10五 · wall_segment Palisade Wall x1 |
| 13:14 | nbakmbi · wall_segment Palisade Wall x5 |
| 13:16 | 飞翔的小鹰 · first_building Barracks |
| 13:30 | kunter · first_building Stable |
| 13:49 | kunter · wall_segment Palisade Wall x21 |
| 13:52 | 劳诗丹顿 · age_up feudal |
| 13:54 | 劳诗丹顿 · first_building Stable |
| 14:15 | 三哥 · first_market_buy 100 wood |
| 14:32 | Cannon · age_up feudal |
| 14:39 | nbakmbi · age_up feudal |
| 14:43 | 龙10五 · wall_segment Palisade Wall x1 |
| 14:53 | 飞翔的小鹰 · age_up feudal |
| 15:08 | 飞翔的小鹰 · first_building Stable |
| 15:12 | 三哥 · first_market_sell 100 wood |
| 15:24 | 宁波老菜鸟 · wall_segment Palisade Wall x10 |
| 15:25 | 宁波老菜鸟 · wall_segment Palisade Wall x1 |
| 15:34 | 龙10五 · first_market_sell 100 stone |
| 15:39 | nbakmbi · wall_segment Palisade Wall x1 |
| 15:43 | Cannon · first_market_sell 100 wood |
| 15:43 | nbakmbi · first_market_sell 100 food |
| 15:44 | Cannon · first_market_buy 100 food |
| 16:55 | nbakmbi · wall_segment Palisade Wall x3 |
| 16:57 | Cannon · wall_segment Palisade Wall x11 |
| 17:10 | 宁波老菜鸟 · age_up castle |
| 17:19 | 宁波老菜鸟 · first_market_sell 100 wood |
| 17:20 | 宁波老菜鸟 · first_market_buy 100 stone |
| 17:27 | 宁波老菜鸟 · first_building Castle |
| 18:03 | kunter · wall_segment Palisade Wall x3 |
| 18:05 | nbakmbi · wall_segment Palisade Wall x7 |
| 18:13 | 三哥 · age_up castle |
| 18:22 | 三哥 · first_building Castle |
| 18:39 | kunter · wall_segment Palisade Wall x1 |
| 18:40 | kunter · wall_segment Palisade Wall x1 |
| 18:49 | Cannon · age_up castle |
| 18:53 | 三哥 · wall_segment Stone Wall x1 |
| 19:02 | Cannon · first_building Castle |
| 19:07 | 龙10五 · wall_segment Palisade Wall x3 |
| 19:35 | nbakmbi · age_up castle |
| 19:44 | nbakmbi · first_building Castle |
| 19:48 | kunter · wall_segment Palisade Wall x1 |
| 19:56 | nbakmbi · first_market_buy 100 stone |
| 20:06 | 龙10五 · wall_segment Palisade Wall x1 |
| 20:07 | kunter · wall_segment Palisade Wall x1 |
| 20:28 | 飞翔的小鹰 · wall_segment Palisade Wall x1 |
| 20:29 | 飞翔的小鹰 · wall_segment Palisade Wall x1 |
| 20:29 | 飞翔的小鹰 · wall_segment Palisade Wall x1 |
| 20:30 | 飞翔的小鹰 · wall_segment Palisade Wall x1 |
| 20:32 | 飞翔的小鹰 · wall_segment Palisade Wall x1 |
| 20:37 | 飞翔的小鹰 · wall_segment Palisade Wall x1 |
| 20:38 | 飞翔的小鹰 · wall_segment Palisade Wall x1 |
| 20:48 | 龙10五 · age_up castle |
| 20:50 | 劳诗丹顿 · age_up castle |
| 20:53 | 龙10五 · first_building Castle |
| 21:02 | 飞翔的小鹰 · age_up castle |
| 21:26 | kunter · wall_segment Palisade Wall x16 |
| 21:27 | 宁波老菜鸟 · first_building Monastery |
| 21:45 | kunter · wall_segment Palisade Wall x1 |
| 21:52 | kunter · first_market_buy 100 food |
| 22:37 | 宁波老菜鸟 · first_building Siege Workshop |
| 22:48 | 三哥 · first_building Barracks |
| 23:04 | 龙10五 · wall_segment Palisade Wall x1 |
| 23:06 | 龙10五 · wall_segment Palisade Wall x1 |
| 23:26 | 龙10五 · first_market_buy 100 wood |
| 23:34 | 劳诗丹顿 · wall_segment Palisade Wall x18 |
| 23:34 | kunter · wall_segment Palisade Wall x2 |
| 23:37 | 劳诗丹顿 · wall_segment Palisade Wall x5 |
| 23:38 | kunter · wall_segment Palisade Wall x2 |
| 24:16 | nbakmbi · first_building Siege Workshop |
| 24:51 | 龙10五 · wall_segment Palisade Wall x1 |
| 25:44 | 三哥 · first_building Siege Workshop |
| 25:48 | 劳诗丹顿 · first_building Archery Range |
| 26:09 | kunter · wall_segment Palisade Wall x1 |
| 27:01 | kunter · age_up castle |
| 27:29 | 龙10五 · first_building Siege Workshop |
| 27:30 | kunter · first_building Monastery |
| 28:41 | 龙10五 · first_building Monastery |
| 30:03 | Cannon · first_building Barracks |
| 30:28 | 劳诗丹顿 · first_building Monastery |
| 31:04 | 劳诗丹顿 · first_building Siege Workshop |
| 31:13 | Cannon · first_building Archery Range |
| 31:20 | 劳诗丹顿 · first_market_buy 100 food |
| 31:42 | 飞翔的小鹰 · first_market_buy 100 stone |
| 31:50 | 飞翔的小鹰 · first_building Castle |
| 33:00 | Cannon · first_building Stable |
| 33:07 | Cannon · age_up imperial |
| 35:27 | kunter · first_market_sell 100 food |
| 35:36 | Cannon · first_building Siege Workshop |
| 35:43 | nbakmbi · first_building Monastery |
| 35:48 | 三哥 · first_building Stable |
| 37:14 | 劳诗丹顿 · first_building Castle |
| 42:28 | 飞翔的小鹰 · wall_segment Stone Wall x1 |
| 42:28 | 飞翔的小鹰 · wall_segment Stone Wall x2 |
| 42:29 | 飞翔的小鹰 · wall_segment Stone Wall x2 |
| 42:29 | 飞翔的小鹰 · wall_segment Stone Wall x1 |
| 42:30 | 飞翔的小鹰 · wall_segment Stone Wall x1 |
| 42:48 | 龙10五 · age_up imperial |
| 43:05 | 劳诗丹顿 · wall_segment Stone Wall x27 |
| 43:48 | 劳诗丹顿 · wall_segment Stone Wall x8 |
| 44:03 | nbakmbi · age_up imperial |
| 44:13 | 劳诗丹顿 · wall_segment Stone Wall x18 |
| 45:35 | kunter · age_up imperial |
| 46:38 | 劳诗丹顿 · wall_segment Palisade Wall x1 |
| 47:00 | 三哥 · age_up imperial |
| 47:34 | kunter · first_building Castle |
| 47:44 | 飞翔的小鹰 · tribute_sent a jugador 1 |
| 47:44 | 飞翔的小鹰 · tribute_sent a jugador 2 |
| 47:44 | 飞翔的小鹰 · tribute_sent a jugador 3 |
| 47:44 | 飞翔的小鹰 · tribute_sent a jugador 4 |
| 47:44 | 飞翔的小鹰 · tribute_sent a jugador 5 |
| 47:44 | 飞翔的小鹰 · tribute_sent a jugador 7 |
| 47:44 | 飞翔的小鹰 · tribute_sent a jugador 8 |
| 47:48 | nbakmbi · first_building Stable |
| 50:24 | 劳诗丹顿 · age_up imperial |
| 51:04 | kunter · first_building Siege Workshop |
| 53:24 | Cannon · tribute_sent a jugador 2 |
| 53:24 | Cannon · tribute_sent a jugador 3 |
| 53:24 | Cannon · tribute_sent a jugador 4 |
| 53:24 | Cannon · tribute_sent a jugador 5 |
| 53:24 | Cannon · tribute_sent a jugador 6 |
| 53:24 | Cannon · tribute_sent a jugador 7 |
| 53:24 | Cannon · tribute_sent a jugador 8 |
| 54:31 | 飞翔的小鹰 · wall_segment Stone Wall x1 |
| 54:32 | 飞翔的小鹰 · wall_segment Stone Wall x1 |
| 54:58 | 三哥 · first_building Archery Range |
| 55:24 | 劳诗丹顿 · first_market_sell 100 stone |
| 56:05 | Cannon · resign |
[ ANÁLISIS IA · 1 CRÉDITO ]
¿Qué pasó realmente en esta partida?
Wolo.gg analiza cada decisión: build order, eco, micro, errores típicos por bracket. Análisis personalizado por WhatsApp o Discord en 30 segundos.
Guía civ
Persas
Perfil
Jugador #5393277